Map: Ephemeron LE

Players

vaseline

  • Race: Zerg Zerg
  • League: Gold
  • Spawn Location: 5:00

kers - Winner!

  • Race: Protoss Protoss
  • League: Platinum
  • Spawn Location: 11:00

VOD

Have the link to the VOD?

Description

Time

  • Played on: March 6, 2020, 4:02 p.m.
  • Length: 26:02
Show
View Real Time Build Order
Export as new Build Order

vaseline Zerg 

Build Orders: Hatch First, Lurkers, Roach Hydra, Roach Nydus 

Get SALT Encoding   

  12  0:02  Drone  
  13  0:10  Drone  
  14  0:23  Overlord  
  14  0:47  Drone  
  14  0:49  Drone  
  16  0:51  Hatchery  
  15  1:06  Spawning Pool  
  15  1:09  Drone  
  15  1:14  Drone  
  15  1:18  Drone  
  17  1:29  Drone  
  17  1:32  Extractor  
  17  1:34  Extractor  
  17  1:37  Drone  
  17  2:01  Drone x2  
  18  2:02  Roach Warren  
  18  2:04  Drone  
  18  2:05  Drone  
  18  2:07  Queen  
  22  2:43  Drone x2  
  24  2:49  Lair  
  24  2:52  Drone x3  
  27  3:03  Overlord  
  27  3:08  Spine Crawler  
  26  3:16  Drone  
  26  3:17  Drone  
  28  3:20  Overlord x2  
  28  3:38  Overlord x2  
  28  3:40  Drone  
  30  3:41  Drone x2  
  31  3:50  Drone x2  
  31  3:52  Queen  
  35  3:56  Glial Reconstitution  
  35  4:03  Roach  
  35  4:04  Roach  
  35  4:08  Roach  
  41  4:10  Roach  
  41  4:15  Overseer  
  43  4:23  Drone x4  
  47  4:44  Roach x6  
  59  4:54  Extractor  
  59  4:56  Extractor  
  59  5:07  Roach  
  59  5:09  Nydus Network  
  58  5:18  Evolution Chamber  
  58  5:19  Evolution Chamber  
  56  5:23  Drone  
  56  5:24  Drone x3  
  60  5:28  Overlord x2  
  60  5:38  Overseer  
  60  5:45  Overlord  
  60  5:46  Overlord  
  60  6:05  Zerg Ground Armor Level 1, Zerg Missile Weapons Level 1  
  60  6:06  Roach  
  60  6:07  Roach x5  
  72  6:15  Drone x4  
  76  6:29  Hatchery  
  75  6:36  Pneumatized Carapace  
  75  6:46  Hydralisk Den  
  74  7:01  Drone x4  
  78  7:02  Drone x5  
  83  7:10  Overlord  
  83  7:11  Overlord  
  83  7:14  Overlord x3  
  83  7:19  Spore Crawler  
  83  7:20  Grooved Spines  
  82  7:43  Nydus Canal  
  82  7:47  Hydralisk x7  
  82  7:51  Overseer  
  96  7:56  Overseer  
  96  8:08  Extractor  
  96  8:11  Extractor  
  94  8:18  Zerg Ground Armor Level 2, Zerg Missile Weapons Level 2  
  94  8:22  Lurker Den  
  93  8:31  Muscular Augments  
  93  8:41  Hydralisk  
  93  8:42  Hydralisk x6  
  93  8:43  Hydralisk  
  109  9:05  Hydralisk x6  
  121  9:15  Spore Crawler  
  121  9:16  Drone  
  121  9:17  Drone x3  
  121  9:22  Ravager x4  
  129  9:38  Lurker x3  
  131  10:02  Infestation Pit  
  131  10:03  Lurker x3  
  131  10:05  Hydralisk  
  135  10:16  Overseer x2  
  135  10:37  Hydralisk  
  135  10:40  Overlord  
  135  10:41  Overlord x7  
  137  10:44  Hive  
  137  11:01  Nydus Canal  
  137  11:09  Spore Crawler  
  136  11:12  Overseer  
  136  11:13  Spore Crawler  
  136  11:15  Hydralisk x7  
  149  11:34  Nydus Canal  
  149  11:37  Roach  
  149  11:38  Roach x5  
  161  11:43  Lurker x2  
  163  11:56  Nydus Canal  
  163  12:34  Zerg Ground Armor Level 3, Zerg Missile Weapons Level 3  
  143  13:20  Roach x9  
  143  13:21  Roach  
  153  13:33  Ravager  
  154  13:43  Overlord x4  
  154  13:44  Overlord  
  95  14:31  Seismic Spines  
  95  14:49  Roach x5  
  95  14:50  Roach x4  
  108  15:04  Hatchery  
  101  15:28  Adaptive Talons  
  101  15:30  Hatchery  
  88  15:49  Roach  
  88  15:50  Roach x5  
  94  16:12  Roach x4  
  102  16:21  Drone  
  103  16:37  Roach x5  
  100  17:37  Hydralisk x12  
  100  17:38  Hydralisk  
  126  17:50  Overseer, Queen  
  128  17:52  Drone x2  
  128  17:53  Drone  
  131  18:09  Lurker x2  
  133  18:21  Drone  
  133  18:22  Drone x16  
  150  18:45  Extractor  
  147  18:49  Extractor  
  146  18:56  Overlord x5  
  146  18:57  Overlord  
  146  19:01  Overseer x3  
  146  19:16  Hydralisk x5  
  146  19:17  Hydralisk x5  
  82  19:48  Roach  
  82  19:49  Roach x10  
  104  20:22  Lurker x3  
  104  20:25  Hydralisk  
  104  20:26  Hydralisk x11  
  82  21:02  Lurker  
  82  21:03  Lurker x2  
  77  21:10  Hatchery x2  
  74  21:11  Hydralisk  
  74  21:12  Hydralisk x5  
  59  21:34  Drone  
  45  22:18  Lurker x3  
  45  22:19  Drone x3  
  51  22:34  Hatchery  
  51  22:36  Hatchery  
  23  23:16  Hatchery  
  22  23:38  Hydralisk x3  
  22  23:40  Hydralisk  
  22  23:41  Hydralisk x5  
  37  24:11  Drone x3  
  37  24:13  Drone x3  
  37  24:23  Extractor  
  36  24:29  Lurker  
  37  24:37  Drone x2  
  39  24:54  Hydralisk  
  41  25:10  Drone  
  41  25:11  Drone x2  
  41  25:13  Drone  
  34  25:35  Spawning Pool  
Show
View Real Time Build Order
Export as new Build Order

kers Protoss - Winner!

Build Orders: 1 Gate Expand, Archon Immortal 

Get SALT Encoding   

  12  0:00  Probe  
  13  0:12  Probe  
  14  0:20  Pylon  
  14  0:25  Probe  
  15  0:38  Probe (Chrono Boost)  
  15  0:39  Gateway  
  16  0:49  Assimilator  
  17  0:50  Probe (Chrono Boost)  
  17  0:56  Probe (Chrono Boost)  
  18  1:04  Probe  
  19  1:16  Probe  
  20  1:29  Nexus  
  20  1:39  Cybernetics Core  
  20  1:46  Probe  
  21  1:50  Pylon  
  21  1:58  Probe  
  22  2:10  Probe  
  23  2:16  Warp Gate (Chrono Boost)  
  23  2:17  Robotics Facility  
  23  2:18  Adept  
  23  2:22  Probe  
  26  2:34  Probe  
  27  2:42  Probe  
  28  2:46  Probe, Assimilator  
  28  2:49  Stalker  
  31  2:54  Probe  
  32  2:58  Probe  
  32  3:04  Pylon  
  32  3:05  Observer  
  34  3:06  Probe  
  34  3:10  Probe  
  36  3:15  Gateway  
  36  3:16  Gateway  
  36  3:18  Probe  
  37  3:22  Probe  
  38  3:30  Probe  
  38  3:32  Sentry  
  41  3:34  Probe  
  42  3:42  Probe, Assimilator  
  42  3:44  Assimilator  
  42  3:47  Probe  
  44  3:49  Forge  
  44  3:54  Probe, Pylon  
  45  3:58  Observer  
  45  3:59  Probe  
  47  4:07  Probe  
  48  4:10  Stalker  
  48  4:11  Probe  
  51  4:19  Probe  
  51  4:22  Protoss Ground Weapons Level 1 (Chrono Boost)  
  51  4:23  Probe  
  53  4:31  Probe  
  54  4:32  Immortal  
  54  4:33  Twilight Council  
  54  4:35  Probe  
  59  4:39  Pylon  
  58  4:48  Probe x2  
  60  4:53  Stalker  
  60  4:57  Stalker  
  60  4:58  Stalker  
  66  5:00  Probe x2  
  66  5:06  Pylon  
  68  5:09  Pylon  
  68  5:10  Templar Archives  
  68  5:12  Probe  
  68  5:13  Probe  
  70  5:24  Probe, Immortal  
  70  5:25  Probe  
  76  5:35  Stalker  
  78  5:36  Stalker  
  78  5:37  Probe x2  
  82  5:44  Pylon  
  82  5:48  Nexus  
  82  5:49  Probe x2  
  84  5:53  Pylon  
  84  6:01  Probe x2  
  86  6:09  Assimilator  
  86  6:12  Photon Cannon  
  86  6:13  Probe x2, Assimilator  
  86  6:14  Shield Battery  
  86  6:15  Pylon, High Templar  
  90  6:19  High Templar  
  90  6:25  Probe x2  
  94  6:37  Probe x2  
  94  6:38  Pylon  
  96  6:41  Pylon  
  96  6:43  Pylon, Shield Battery  
  96  6:44  Protoss Ground Weapons Level 2 (Chrono Boost)  
  96  6:45  Charge  
  96  6:46  High Templar, Photon Cannon  
  98  6:48  High Templar  
  98  6:49  Probe x2  
  102  7:01  Probe, High Templar  
  105  7:10  Gateway  
  105  7:11  Probe x2  
  105  7:12  Gateway  
  105  7:14  Gateway  
  107  7:15  Archon  
  107  7:18  Sentry  
  109  7:23  Gateway  
  109  7:26  Gateway  
  109  7:28  Probe x3  
  109  7:29  Gateway  
  112  7:41  Stalker  
  112  7:42  Stalker  
  112  7:43  Immortal  
  120  7:55  Pylon  
  120  8:00  Pylon  
  120  8:06  Nexus  
  120  8:07  Pylon  
  120  8:10  Pylon  
  120  8:12  High Templar x4  
  126  8:15  High Templar  
  126  8:17  Archon  
  126  8:18  Archon  
  126  8:19  Archon  
  130  8:23  Stalker x3  
  136  8:32  Photon Cannon  
  136  8:39  Photon Cannon  
  136  8:42  Pylon, Assimilator  
  136  8:45  Pylon  
  136  8:46  Assimilator  
  136  8:47  Gateway, Immortal  
  140  8:50  Gateway, Pylon  
  140  8:54  Pylon  
  140  8:55  High Templar x3  
  144  8:58  Zealot x2  
  144  8:59  Zealot x3  
  156  9:07  Archon  
  156  9:26  Observer  
  157  9:34  Protoss Ground Weapons Level 3 (Chrono Boost)  
  157  9:46  Gateway  
  157  9:47  Gateway  
  157  9:48  Observer  
  157  9:49  Gateway  
  157  9:50  Photon Cannon  
  158  9:54  Photon Cannon  
  158  9:56  Probe x3  
  158  9:57  Shield Battery  
  158  9:58  Shield Battery  
  161  10:00  High Templar x2  
  161  10:01  High Templar x2  
  161  10:04  High Templar  
  161  10:05  Archon x2  
  171  10:08  Warp Prism  
  171  10:09  Archon  
  171  10:12  Zealot x2  
  171  10:13  Zealot x2  
  181  10:51  Warp Prism  
  183  11:07  Stalker x5  
  193  11:22  Stalker x2  
  193  11:23  Stalker x2  
  200  11:31  Archon  
  200  11:57  Gateway  
  200  12:00  Gateway  
  200  12:06  Gateway  
  200  12:08  Gateway  
  200  12:29  Photon Cannon  
  198  12:34  Photon Cannon  
  198  12:35  Warp Prism  
  198  12:37  Photon Cannon  
  198  12:42  Photon Cannon  
  198  12:45  Photon Cannon  
  176  13:02  Zealot x7  
  166  13:26  Stalker x6  
  166  13:27  Stalker x5  
  166  13:30  Protoss Shields Level 1  
  166  13:33  High Templar x4  
  166  13:34  High Templar x3  
  186  13:37  Archon x3  
  188  13:42  Observer  
  171  14:12  Stalker x5  
  171  14:13  Stalker x6  
  135  14:23  High Templar x5  
  135  14:24  High Templar x2  
  135  14:28  Archon x3  
  127  14:35  Immortal  
  131  14:45  Stalker x3  
  129  14:46  Stalker x6  
  131  14:57  Zealot x6  
  131  14:58  Zealot x3  
  107  15:15  Stalker x4  
  107  15:16  Stalker x2  
  107  15:17  Zealot x4  
  107  15:18  Zealot  
  107  15:21  Immortal  
  129  15:34  Stalker x5  
  129  15:35  Stalker x2  
  97  15:46  Zealot x5  
  97  15:47  Zealot x6  
  105  15:55  Gateway  
  83  16:09  Immortal  
  87  16:12  High Templar x3  
  87  16:13  High Templar x8  
  87  16:15  Zealot x5  
  87  16:16  Nexus, Zealot x2  
  123  16:25  Archon x5  
  123  16:30  Nexus  
  123  16:32  Gateway  
  123  16:34  Gateway  
  123  16:36  Gateway  
  123  16:38  Gateway  
  119  16:48  Stalker x6  
  119  16:53  Immortal  
  115  17:14  Stalker  
  115  17:15  Stalker x3  
  123  17:16  High Templar x2  
  123  17:20  Archon  
  123  17:21  High Templar  
  129  17:32  Zealot x6  
  129  17:36  Zealot x4  
  129  17:37  Zealot x3  
  151  17:41  Archon  
  155  17:50  Warp Prism (Chrono Boost)  
  157  18:04  Probe x5  
  162  18:16  Probe x5  
  167  18:31  Assimilator, Observer  
  167  18:33  High Templar x4  
  175  18:34  High Templar  
  175  18:35  Assimilator  
  175  18:38  Archon  
  175  18:39  Archon  
  177  18:41  High Templar  
  169  18:55  Observer  
  170  19:10  Stalker x2  
  170  19:11  Zealot  
  170  19:14  Protoss Ground Armor Level 1 (Chrono Boost)  
  176  19:17  Nexus  
  176  19:24  Zealot x7  
  178  19:25  Zealot  
  178  19:28  Zealot x4  
  196  19:31  Archon  
  196  19:37  Sentry  
  164  19:41  Stalker x3  
  164  19:42  Stalker x2  
  160  19:59  Assimilator  
  160  20:03  High Templar x2  
  160  20:04  High Templar x2, Assimilator  
  160  20:06  Pylon, Stalker x2  
  172  20:07  Archon  
  172  20:08  Archon  
  172  20:09  Pylon, Zealot x3  
  178  20:34  Stalker x6  
  188  20:49  Pylon  
  168  20:50  Pylon  
  168  20:51  Pylon  
  139  21:13  Zealot  
  139  21:14  Zealot x5  
  139  21:15  Protoss Shields Level 2  
  139  21:16  Probe x2  
  139  21:17  Probe x3  
  154  21:28  Probe  
  154  21:29  Probe x2  
  129  21:46  Zealot x4  
  129  21:47  Zealot x4  
  113  21:48  Zealot  
  107  21:55  Probe x4  
  107  21:56  Probe  
  107  21:59  High Templar x2  
  108  22:07  Probe  
  107  22:30  Archon  
  107  22:33  High Templar x2  
  107  22:34  High Templar x8  
  107  22:35  High Templar  
  128  22:37  Archon  
  128  22:38  Archon x4  
  128  22:57  Zealot x7  
  142  23:04  Observer  
  139  23:06  Photon Cannon  
  135  23:22  Probe x5  
  135  23:26  Observer  
  141  23:34  Probe x5  
  146  23:42  Stalker x3  
  146  23:47  Observer  
  153  23:49  Probe x3  
  156  23:56  Stalker x3  
  162  24:08  Observer (Chrono Boost)  
  163  24:33  Stalker  
  163  24:34  Stalker x4  
  163  24:35  Stalker x4  
  181  25:00  Zealot x5  
  181  25:01  Zealot x4  
  196  25:17  Nexus  
  196  25:20  Pylon  
  181  25:23  Pylon  
  181  25:27  Zealot x4  
  181  25:28  Zealot x5  
  189  25:29  Zealot x2  
  189  25:35  Zealot x3  
  191  25:36  Zealot x2  
Tags
 
Add a new tag
Caveats
  • Supply blocks, unpowered buildings, or Contaminate may cause inaccurate times.
  • Supply counts are checked every 10 seconds.